 Dungeon Crawl Stone Soup version 0.31.0-11-ge490571c62 (webtiles) character file.

Game seed: 3749814592063481212

820 Arcadio the Thaumaturge (level 7, -1/36 HPs)
             Began as a Deep Elf Conjurer on Jan 29, 2024.
             Was an Initiate of Sif Muna.
             Slain by an elf zombie (7 damage)
             ... in an ossuary.
             The game lasted 00:11:08 (4469 turns).

Arcadio the Thaumaturge (Deep Elf Conjurer)         Turns: 4469, Time: 00:11:10

Health: -1/36      AC:  2    Str:  4    XL:     7   Next: 63%
Magic:  20/21      EV: 12    Int: 25    God:    Sif Muna [......]
Gold:   342        SH:  0    Dex: 13    Spells: 16/23 levels left

rFire   . . .        j - +0 short sword
rCold   . . .        (no shield)
rNeg    . . .        a - +0 robe
rPois   .            (no helmet)
rElec   .            (no cloak)
rCorr   .            (no gloves)
SInv    .            (no boots)
Will    .....        (no amulet)
Stlth   ++           (no ring)
HPRegen 0.26/turn    (no ring)
MPRegen 0.17/turn

%: no passive effects
@: no status effects
A: no striking features
a: Renounce Religion


You were in an ossuary.
You worshipped Sif Muna.
Sif Muna was noncommittal.
You visited 2 branches of the dungeon, and saw 6 of its levels.
You also visited: Sewer and Ossuary.

You collected 342 gold pieces.

Inventory:

Hand Weapons
 j - a +0 short sword (weapon)
Armour
 a - a +0 robe (worn)
Magical Staves
 v - a staff of death
Wands
 u - a wand of iceblast (4)
Scrolls
 d - a scroll of vulnerability {unknown}
 e - 3 scrolls of identify {unknown}
 f - a scroll of silence {unknown}
 g - 3 scrolls of amnesia {unknown}
 h - 4 scrolls of teleportation
 i - a scroll of blinking {unknown}
 m - a scroll of noise {unknown}
 n - a scroll of immolation {unknown}
 o - a scroll of enchant weapon {unknown}
 r - a scroll of fog {unknown}
 s - a scroll of butterflies {unknown}
 w - a scroll of fear {unknown}
 x - a scroll of brand weapon {unknown}
Potions
 c - 2 potions of curing {unknown}
 k - a potion of enlightenment {unknown}
 l - 2 potions of might {unknown}
 p - a potion of berserk rage {unknown}
 q - 2 potions of attraction {unknown}
 t - 2 potions of mutation {unknown}


   Skills:
 - Level 2.4 Dodging
 - Level 2.4 Stealth
 + Level 8.5 Spellcasting
 + Level 8.0 Conjurations


You had 16 spell levels left.
You knew the following spells:

 Your Spells              Type           Power      Damage    Failure   Level
a - Magic Dart            Conj           100%       1d8       1%          1
b - Searing Ray           Conj           100%       2d8       1%          2
c - Fulminant Prism       Conj/Alch      15%        3d10      11%         4

Your spell library contained the following spells:

 Spells                   Type           Power      Damage    Failure   Level
 Iskenderun's Mystic Bla  Conj/Tloc      30%        2d8       11%         4


Dungeon Overview and Level Annotations

Branches:
Dungeon (5/15)             Temple (1/1) D:4           Sewer (visited)
Ossuary (1/1)

Altars:
Ashenzari
Cheibriados
Fedhas
Gozag
Hepliaklqana
Makhleb
Nemelex Xobeh
Okawaru
Qazlal
Ru
Sif Muna
Trog
Uskayaw
Vehumet
Xom
Zin
The Shining One


Message History

Confirm with . or Enter, or press ? or * to list all spells.
Aiming: Searing Ray (safe; 1% risk of failure)
Press: ? - help, Shift-Dir - straight line, f - elf zombie
Aim: an elf zombie (lightly damaged, 81% to hit)
The searing ray hits the elf zombie!
The elf zombie is moderately damaged.
The searing ray hits the mummy!
The mummy is severely damaged. (Press . to maintain the ray.)
The hobgoblin zombie barely misses you. The elf zombie closely misses you.
The searing ray hits the elf zombie!
The elf zombie is heavily damaged.
The searing ray hits the mummy!
You destroy the mummy!
Sif Muna accepts your kill. The hobgoblin zombie hits you.
The elf zombie barely misses you.
The searing ray hits the elf zombie!
The elf zombie is heavily damaged.
The searing ray hits the human zombie.
The human zombie is lightly damaged.
The hobgoblin zombie hits you.
The searing ray hits the elf zombie!
The elf zombie is severely damaged.
The searing ray hits the human zombie!
The human zombie is moderately damaged.
You finish channelling your searing ray.
The elf zombie hits you.
* * * LOW HITPOINT WARNING * * *
Magic courses through your body. The hobgoblin zombie misses you.
The elf zombie barely misses you.
Casting: Searing Ray (safe; 1% risk of failure)
Confirm with . or Enter, or press ? or * to list all spells.
Aiming: Magic Dart (safe; 1% risk of failure)
Press: ? - help, Shift-Dir - straight line, f/p - elf zombie
Aim: an elf zombie (severely damaged, 100% to hit)
The magic dart hits the elf zombie.
The elf zombie is severely damaged.
The hobgoblin zombie completely misses you.
The elf zombie hits you!
You die...

#########
...........#!!#
..........#!!#
#####.........+###
.................#
.................#
..........##.....#
..........##....@#
..............ZZZ#
..............#.Z#
..∩..........##..#
..∩..........##.∩#
...........Z.##..#
..........ZZZ.#..#
.........Z.......#
.................#


You could see a hobgoblin zombie, a gnoll zombie, an elf zombie and a human
zombie.

Vanquished Creatures
  Sigmund (D:2)
  Pargi (Sewer)
  An ogre (D:4)
  A scorpion (D:4)
  A bombardier beetle (D:4)
  A human zombie (Ossuary)
  An orc priest (D:5)
  An iguana (D:4)
  Jessica (D:3)
  An orc wizard (D:5)
  2 mummies (Ossuary)
  7 adders
  4 gnolls (D:4)
  A river rat (D:4)
  A white imp (D:4)
  3 ribbon worms
  A dart slug (D:3)
  5 orcs
  3 bats
  6 endoplasms
  4 giant cockroaches
  2 gnoll zombies (Ossuary)
  10 goblins
  7 hobgoblins
  7 jackals
  4 quokkas (D:4)
  12 ball pythons
  A frilled lizard (D:2)
  2 goblin zombies (Ossuary)
  A hobgoblin zombie (Ossuary)
  A jackal zombie (Ossuary)
  6 kobolds
  An orc zombie (Ossuary)
  12 rats
113 creatures vanquished.

Notes
Turn   | Place    | Note
-------+----------+-------------------------------------------
     0 | D:1      | Arcadio the Deep Elf Conjurer began the quest for the Orb.
     0 | D:1      | Reached XP level 1. HP: 10/10 MP: 6/6
   289 | D:1      | Reached XP level 2. HP: 15/15 MP: 3/8
   817 | D:2      | Reached skill level 5 in Conjurations
   817 | D:2      | Reached XP level 3. HP: 19/19 MP: 1/10
   824 | D:2      | Learned a level 2 spell: Searing Ray
   928 | D:2      | Noticed Sigmund
  1225 | D:2      | Found a faded altar of an unknown god.
  1478 | D:2      | Reached XP level 4. HP: 24/24 MP: 6/12
  1845 | D:2      | Killed Sigmund
  1846 | D:2      | Reached XP level 5. HP: 24/28 MP: 4/15
  1988 | D:3      | Noticed Jessica
  1993 | D:3      | Killed Jessica
  2043 | D:3      | Reached XP level 6. HP: 32/32 MP: 14/17
  2466 | D:4      | Found a glowing drain.
  2472 | Sewer    | Entered a sewer
  2583 | Sewer    | Noticed Pargi
  2589 | Sewer    | Learned a level 4 spell: Fulminant Prism
  2595 | Sewer    | Killed Pargi
  3323 | D:4      | Reached XP level 7. HP: 36/36 MP: 17/19
  4192 | D:4      | Found a staircase to the Ecumenical Temple.
  4198 | Temple   | Entered the Ecumenical Temple
  4286 | D:5      | Entered Level 5 of the Dungeon
  4402 | D:5      | Found a radiant altar of Vehumet.
  4404 | D:5      | Found a shimmering blue altar of Sif Muna.
  4405 | D:5      | Found a bloodstained altar of Trog.
  4405 | D:5      | Found a burning altar of Makhleb.
  4414 | D:5      | Became a worshipper of Sif Muna the Loreminder
  4419 | D:5      | Found a sand-covered staircase.
  4430 | Ossuary  | Entered an ossuary
  4469 | Ossuary  | Slain by an elf zombie

Illustrated notes

Levels and vault maps discovered:
D:1:      matt_arrival_diagonals, layout_basic, serial_shops, shop,
          roderic_roman_lattice, minmay_misc_feat_tiny, minmay_tetromino_o2
D:2:      minmay_spotlight, layout_basic, ebering_ecumenical_altar_webs,
          minmay_rat_gold_closets, uniq_sigmund
D:3:      layout_rooms, uniq_jessica
D:4:      layout_cave_pools, minmay_temple_entry_fiery,
          mainiacjoe_sewer_entry_somewhere_in_here_1,
          minmay_fractal_squares_diagonal_5
D:5:      layout_cave_pods, yredelemnul_forgotten_temple_becter,
          mainiacjoe_overflow_cross_hatched, grunt_temple_overflow_open,
          mainiacjoe_overflow_24_doors, nicolae_ossuary_entry_ruins,
          ebering_ghost_reflecting_pool, serial_park_tiny_2
Temple:   nicolae_temple_figure_eight
Ossuary:  ossuary_minmay_tomb_2a

Skill      XL: |  1  2  3  4  5  6  7 |
---------------+----------------------+-----
Spellcasting   | 4 6 7 8 |  8.5
Conjurations   | 5 6 7 8 |  8.0
Dodging        | |  2.4
Stealth        | |  2.4

Action                     |  1- 3 |  4- 6 |  7- 9 || total
---------------------------+-------+-------+-------++-------
  Melee: Unarmed           |     7 |       |       ||     7
         Short sword       |    12 |       |     2 ||    14
   Cast: Magic Dart        |    69 |    50 |    36 ||   155
         Searing Ray       |     1 |    17 |    14 ||    32
    Use: Scroll            |       |     1 |       ||     1
         Potion            |       |       |     1 ||     1
   Stab: Sleeping          |     5 |       |       ||     5
 Armour: Robe              |     8 |    17 |    25 ||    50
  Dodge: Dodged            |    18 |    18 |    28 ||    64
